 Dungeon Crawl Stone Soup version 0.29.0-4-gdea44cf6ec (webtiles) character file.

Game seed: 7748317604630321946

501 qw the Chopper (level 7, 0/41 HPs)
             Began as a Tengu Warper on Aug 29, 2022.
             Engulfed by a steam dragon's steam (8 damage)
             ... on level 4 of the Dungeon.
             The game lasted 00:01:27 (3622 turns).

qw the Chopper (Tengu Warper)                       Turns: 3622, Time: 00:01:28

Health: 0/41       AC:  5    Str: 14    XL:     7   Next: 17%
Magic:  11/11      EV: 13    Int: 13    God:
Gold:   221        SH:  5    Dex: 13    Spells: 10/10 levels left

rFire   . . .      SeeInvis .   c - +7 war axe "Qas Kufa" {flame, rN+}
rCold   . . .      Faith    .   (no shield)
rNeg    + . .      Spirit   .   f - +0 ring mail
rPois   .          Reflect  +   (helmet restricted)
rElec   .          Harm     .   (no cloak)
rCorr   .          Rampage  .   (no gloves)
Will    .....                   (boots unavailable)
Stlth   +.........              h - amulet of reflection
HPRegen 0.13/turn               (no ring)
MPRegen 0.12/turn               (no ring)

@: about to teleport, flying quickly and evasively, quick
A: beak, talons 3, nimble flight
a: no special abilities


You were on level 4 of the Dungeon.
You visited 1 branch of the dungeon, and saw 4 of its levels.

You collected 221 gold pieces.


Innate Abilities, Weirdness & Mutations

You have a beak for a mouth.
You have claws for feet.
Your magical nature lets you fly swiftly and evasively.


   Skills:
 - Level 3.0 Fighting
 + Level 7.9 Axes
 - Level 1.0 Throwing
 - Level 1.1 Armour
 - Level 2.1 Dodging
 - Level 2.0 Spellcasting
 - Level 2.4 Translocations


You had 10 spell levels left.
You didn't know any spells.
Your spell library contained the following spells:

 Spells                   Type           Power      Damage    Failure   Level
 Blink                    Tloc           14%        N/A       30%         2
 Gell's Gravitas          Tloc           7%         N/A       52%         3
 Lesser Beckoning         Tloc           7%         N/A       52%         3
 Teleport Other           Tloc           7%         N/A       52%         3
 Manifold Assault         Tloc           7%         N/A       99%         5

Inventory:

Hand Weapons
 c - the +7 war axe "Qas Kufa" (weapon) {flame, rN+}
   (You found it on level 2 of the Dungeon)

   It burns those it strikes, dealing additional fire damage.
   Big, fiery blades are also staple armaments of hydra-hunters.
   rN:        It protects you from negative energy.
Armour
 d - a +0 chain mail
 f - a +0 ring mail (worn)
 i - a +0 buckler
Jewellery
 h - an amulet of reflection (around neck)
Scrolls
 e - a scroll of teleportation
 g - 2 scrolls of identify
Potions
 a - 3 potions of curing
 b - 3 potions of might

Dungeon Overview and Level Annotations

Branches:
Dungeon (4/15)
 Temple: D:4-7

Altars:

Annotations:
D:2 1 runed translucent door, Crazy Yiuf


Message History

The steam dragon hisses angrily.
You see here a +0 club.
Found a potion of curing and a scroll labelled HEFUIX NIAFOEXU.
The steam dragon breathes steam at you. The ball of steam misses you.
Partly explored, can't reach some items and places.
3614 ||| UPGRADING to +0 chain mail.
You start removing your armour.
You continue taking off your +0 ring mail. x2
The steam dragon breathes steam at you.
You stop removing your armour.
The ball of steam hits you.
You slash the steam dragon! You burn the steam dragon.
You claw the steam dragon, but do no damage.
Your peck misses the steam dragon.
The steam dragon is moderately wounded.
You are engulfed in a cloud of scalding steam.
The steam dragon barely misses you. The steam dragon closely misses you.
You closely miss the steam dragon.
The steam dragon is moderately wounded.
The steam dragon closely misses you. x2
You hit the steam dragon. You burn the steam dragon. You claw the steam dragon.
Your punch misses the steam dragon.
The steam dragon is severely wounded.
The steam dragon completely misses you. The steam dragon closely misses you.
You barely miss the steam dragon.
You peck the steam dragon, but do no damage.
The steam dragon is severely wounded.
You block the steam dragon's attack. x2
The steam dragon bites you but does no damage.
The steam dragon barely misses you.
You hit the steam dragon. You burn the steam dragon.
The steam dragon is almost dead.
The steam dragon breathes steam at you. The ball of steam hits you!!
Ouch! That really hurt!
3622 ||| READING 2 scrolls of teleportation.
As you read the scroll of teleportation, it crumbles to dust.
You feel strangely unstable.
You are engulfed in a cloud of scalding steam.
You die...

##.## #..#
##.## #..#
##.## #..#
##)########
##.ยค.......
#..@.....##
#..D.......
#...........
..$..........
..!(...........
##.............
#..#....?.....
..###.........


You could see a steam dragon (catching breath).

Vanquished Creatures
  Grinder (D:3)
  A phantom (D:3)
  A scorpion (D:4)
  A jelly (D:4)
  An orc wizard (D:4)
  4 adders
  A worm (D:3)
  10 orcs (D:4)
  4 ball pythons
  9 endoplasms
  6 giant cockroaches
  6 goblins
  5 hobgoblins
  6 jackals (D:1)
  6 kobolds
  3 bats
  5 frilled lizards
  6 rats
76 creatures vanquished.

Notes
Turn   | Place    | Note
-------+----------+-------------------------------------------
     0 | D:1      | qw the Tengu Warper began the quest for the Orb.
     0 | D:1      | Reached XP level 1. HP: 12/12 MP: 4/4
     0 | D:1      | 0 ||| qw: Version: 0.1-a-89-g26bdef1
     0 | D:1      | 0 ||| qw: Game counter: 3593
     0 | D:1      | 0 ||| qw: Always use a shield: true
     0 | D:1      | 0 ||| qw: God list: Okawaru
     0 | D:1      | 0 ||| qw: Allow faded altars: false
     0 | D:1      | 0 ||| qw: Do Orc after D:15 true
     0 | D:1      | 0 ||| qw: Do second Lair branch before Depths: true
     0 | D:1      | 0 ||| qw: Lair rune preference: random
     0 | D:1      | 0 ||| qw: Plans: Normal
     0 | D:1      | 0 ||| PLANNING D:1-11
   239 | D:1      | Reached skill level 3 in Axes
   239 | D:1      | Reached XP level 2. HP: 17/17 MP: 6/6
   239 | D:1      | 239 ||| Stepping ~*~*~tactically~*~*~ (stealth).
   254 | D:1      | 254 ||| Stepping ~*~*~tactically~*~*~ (stealth).
   257 | D:1      | 257 ||| Stepping ~*~*~tactically~*~*~ (stealth).
   332 | D:1      | 332 ||| Stepping ~*~*~tactically~*~*~ (stealth).
   337 | D:1      | 337 ||| Stepping ~*~*~tactically~*~*~ (stealth).
   353 | D:1      | HP: 3/17 [jackal (2)]
   358 | D:1      | Reached XP level 3. HP: 3/21 MP: 7/7
   605 | D:1      | Found a faded altar of an unknown god.
   711 | D:1      | 711 ||| Stepping ~*~*~tactically~*~*~ (stealth).
   737 | D:1      | 737 ||| Stepping ~*~*~tactically~*~*~ (stealth).
   789 | D:1      | 789 ||| Stepping ~*~*~tactically~*~*~ (hiding).
   790 | D:1      | 790 ||| Stepping ~*~*~tactically~*~*~ (hiding).
   798 | D:1      | Reached skill level 4 in Axes
   824 | D:1      | 824 ||| Stepping ~*~*~tactically~*~*~ (stealth).
   841 | D:1      | 841 ||| Stepping ~*~*~tactically~*~*~ (stealth).
   842 | D:1      | 842 ||| Stepping ~*~*~tactically~*~*~ (stealth).
   843 | D:1      | 843 ||| Stepping ~*~*~tactically~*~*~ (stealth).
   845 | D:1      | 845 ||| Stepping ~*~*~tactically~*~*~ (stealth).
   854 | D:1      | 854 ||| Stepping ~*~*~tactically~*~*~ (stealth).
   856 | D:1      | 856 ||| Stepping ~*~*~tactically~*~*~ (stealth).
   858 | D:1      | 858 ||| Stepping ~*~*~tactically~*~*~ (stealth).
   935 | D:1      | 935 ||| Stepping ~*~*~tactically~*~*~ (stealth).
  1063 | D:1      | 1063 ||| Stepping ~*~*~tactically~*~*~ (stealth).
  1183 | D:1      | 1183 ||| DROPPING +6 ring of intelligence.
  1184 | D:1      | 1184 ||| READING scroll labelled PUNEENG KUST.
  1185 | D:1      | 1185 ||| READING 4 scrolls labelled MAFAIT ITAMAD.
  1186 | D:1      | 1186 ||| READING scroll labelled UGGEEF MATUARCH.
  1190 | D:1      | 1190 ||| READING scroll labelled XOTI HECVEA.
  1191 | D:1      | 1191 ||| READING scroll labelled ZESMITYJAV.
  1192 | D:1      | 1192 ||| DRINKING 2 golden potions.
  1193 | D:1      | 1193 ||| READING 3 scrolls of identify.
  1193 | D:1      | 1193 ||| IDENTIFYING bubbling brown potion
  1194 | D:1      | 1194 ||| READING 2 scrolls of identify.
  1194 | D:1      | 1194 ||| IDENTIFYING viscous emerald potion
  1195 | D:1      | 1195 ||| DROPPING scroll of blinking.
  1196 | D:1      | 1196 ||| DROPPING potion of magic.
  1197 | D:1      | 1197 ||| DROPPING potion of attraction.
  1198 | D:1      | 1198 ||| DROPPING potion of invisibility.
  1375 | D:2      | 1375 ||| Stepping ~*~*~tactically~*~*~ (stealth).
  1377 | D:2      | 1377 ||| Stepping ~*~*~tactically~*~*~ (stealth).
  1384 | D:2      | Reached XP level 4. HP: 24/26 MP: 8/8
  1436 | D:2      | Identified the +7 war axe "Qas Kufa" {flame, rN+}
  1438 | D:2      | 1438 ||| SWAPPING to +7 war axe "Qas Kufa" {flame, rN+}.
  1439 | D:2      | 1439 ||| DROPPING +0 whip.
  1440 | D:2      | 1440 ||| DROPPING +0 hand axe.
  1712 | D:2      | 1712 ||| Stepping ~*~*~tactically~*~*~ (stealth).
  1713 | D:2      | 1713 ||| Stepping ~*~*~tactically~*~*~ (stealth).
  1715 | D:2      | 1715 ||| Stepping ~*~*~tactically~*~*~ (stealth).
  1921 | D:2      | Found a runed translucent door.
  1922 | D:2      | Noticed Crazy Yiuf
  2006 | D:2      | 2006 ||| UPGRADING to +0 ring mail.
  2016 | D:2      | 2016 ||| DROPPING +0 leather armour.
  2017 | D:2      | 2017 ||| DRINKING 4 silvery potions.
  2018 | D:2      | 2018 ||| READING 2 scrolls of identify.
  2018 | D:2      | 2018 ||| IDENTIFYING bubbling sapphire potion
  2019 | D:2      | 2019 ||| DROPPING potion of brilliance.
  2193 | D:3      | Noticed Grinder
  2194 | D:3      | 2194 ||| Stepping ~*~*~tactically~*~*~ (hiding).
  2195 | D:3      | 2195 ||| Stepping ~*~*~tactically~*~*~ (hiding).
  2197 | D:3      | 2197 ||| Stepping ~*~*~tactically~*~*~ (hiding).
  2204 | D:3      | 2204 ||| FLEEEEING.
  2210 | D:3      | 2210 ||| FLEEEEING.
  2215 | D:3      | 2215 ||| FLEEEEING.
  2216 | D:3      | 2216 ||| FLEEEEING.
  2217 | D:3      | 2217 ||| FLEEEEING.
  2218 | D:3      | 2218 ||| FLEEEEING.
  2226 | D:3      | 2226 ||| FLEEEEING.
  2227 | D:3      | 2227 ||| FLEEEEING.
  2228 | D:3      | 2228 ||| FLEEEEING.
  2229 | D:3      | 2229 ||| FLEEEEING.
  2230 | D:3      | 2230 ||| FLEEEEING.
  2231 | D:3      | 2231 ||| FLEEEEING.
  2235 | D:3      | 2235 ||| STAIRDANCE
  2330 | D:3      | Killed Grinder
  2331 | D:3      | Reached skill level 7 in Axes
  2331 | D:3      | Gained mutation: Your magical nature lets you fly swiftly
                  | and evasively. [Tengu growth]
  2331 | D:3      | Reached XP level 5. HP: 20/30 MP: 9/9
  2331 | D:3      | Reached XP level 6. HP: 24/35 MP: 10/10
  2647 | D:3      | Reached skill level 3 in Fighting
  3175 | D:3      | 3175 ||| UPGRADING to amulet of reflection.
  3180 | D:3      | 3180 ||| READING scroll labelled ENWIELEJOC.
  3181 | D:3      | 3181 ||| DRINKING 3 murky coppery potions.
  3212 | D:4      | 3212 ||| STAIRDANCE
  3303 | D:4      | Reached XP level 7. HP: 30/41 MP: 11/11
  3611 | D:4      | Noticed a steam dragon
  3614 | D:4      | 3614 ||| UPGRADING to +0 chain mail.
  3621 | D:4      | HP: 8/41 [steam dragon/ball of steam (21)]
  3622 | D:4      | 3622 ||| READING 2 scrolls of teleportation.
  3622 | D:4      | Engulfed by a steam dragon's steam

Levels and vault maps discovered:
D:1:      dpeg_arrival_chambers_temple_mockup, layout_rooms,
          basic_ecumenical_altar, grunt_decor_resistance
D:2:      minmay_diamond_boxcup, layout_loops_ring, uniq_crazy_yiuf_cottage
D:3:      layout_basic, nicolae_elevator_lobby_plus, uniq_grinder
D:4:      layout_cave_pods, minmay_temple_entry_mist

Skill      XL: |  1  2  3  4  5  6 |
---------------+-------------------+-----
Axes           | 3 4 7 |  7.9
Fighting       | 3 |  3.0
Throwing       | |  1.0
Armour         | |  1.1
Dodging        | |  2.1
Spellcasting   | |  2.0
Translocations | |  2.4

Action                   |  1- 3 |  4- 6 |  7- 9 || total
-------------------------+-------+-------+-------++-------
Melee: Hand axe          |   102 |     3 |       ||   105
       Peck              |    12 |     6 |     1 ||    19
       Kick              |    22 |    11 |     2 ||    35
       Punch             |     2 |     1 |       ||     3
       War axe           |       |    45 |    15 ||    60
Throw: Boomerang         |     7 |    17 |       ||    24
  Use: Scroll            |     7 |     2 |     1 ||    10
       Potion            |     1 |     2 |       ||     3
 Stab: Sleeping          |     1 |       |       ||     1
Armor: Leather armour    |    31 |     1 |       ||    32
       Ring mail         |       |     6 |     1 ||     7
Dodge: Dodged            |    71 |    24 |    15 ||   110
Block: Other             |       |     3 |     3 ||     6
       Reflection        |       |     1 |       ||     1

Table legend:
 A = Non-vault XP
 B = Vault XP
 C = Vault XP percentage of total XP
 D = Non-vault monster count
 E = Vault monster count
 F = Vault count percentage of total count
                 A         B        C        D         E       F
            +---------+---------+-------+---------+---------+-------
      Total |     428 |     289 |  40.3 |      67 |       9 |  11.8
            +---------+---------+-------+---------+---------+-------
        D:1 |      62 |       0 |   0.0 |      36 |       0 |   0.0
        D:2 |      33 |      12 |  26.7 |       6 |       8 |  57.1
        D:3 |     132 |     277 |  67.7 |       9 |       1 |  10.0
        D:4 |     201 |       0 |   0.0 |      16 |       0 |   0.0
            +---------+---------+-------+---------+---------+-------
